 Dungeon Crawl Stone Soup version 0.31-a0-232-gb1c03b2570 (webtiles) character file.

Game seed: 7170396783081798776

46 qw the Shooter (level 3, -3/21 HPs)
             Began as a Gargoyle Hexslinger on July 6, 2023.
             Slain by a hound (5 damage)
             ... on level 2 of the Dungeon.
             The game lasted 00:00:26 (733 turns).

qw the Shooter (Gargoyle Hexslinger)                 Turns: 733, Time: 00:00:27

Health: -3/21      AC:  6    Str: 11    XL:     3   Next: 68%
Magic:  4/4        EV: 12    Int: 13    God:
Gold:   69         SH:  0    Dex: 14    Spells: 3/4 levels left

rFire   . . .        Y - +1 sling (heavy)
rCold   . . .        (no shield)
rNeg    + . .        c - +0 robe
rPois   inf          (no helmet)
rElec   +            (no cloak)
rCorr   .            (no gloves)
SInv    .            i - +0 pair of boots
Will    .....        (no amulet)
Stlth   +            (no ring)
HPRegen 0.23/turn    (no ring)
MPRegen 0.09/turn

%: no passive effects
@: no status effects
A: sickness immunity, AC +3, negative energy resistance 1, electricity
resistance, torment resistance 1, petrification resistance
a: no special abilities


You were on level 2 of the Dungeon.
You visited 1 branch of the dungeon, and saw 3 of its levels.

You collected 69 gold pieces.


Innate Abilities, Weirdness & Mutations

You are immune to sickness and miasma.
Your stone body is resilient. (AC +3)
You are immune to poison.
You resist negative energy. (rN+)
You are resistant to electric shocks. (rElec)
You are resistant to unholy torment.
You are immune to petrification.


   Skills:
 - Level 2.0 Fighting
 + Level 3.5 Ranged Weapons
 - Level 1.5 Dodging
 - Level 1.0 Spellcasting
 - Level 2.6 Hexes


You had 3 spell levels left.
You knew the following spells:

 Your Spells              Type           Power      Damage    Failure   Level
a - Slow                  Hex            28%        N/A       10%         1

Your spell library contained the following spells:

 Spells                   Type           Power      Damage    Failure   Level
 Inner Flame              Hex/Fire       4%         N/A       43%         3
 Portal Projectile        Hex/Tloc       8%         N/A       43%         3
 Cause Fear               Hex            3%         N/A       67%         4

Inventory:

Hand Weapons
 Y - a +1 heavy sling (weapon)
Armour
 c - a +0 robe (worn)
 i - a +0 pair of boots (worn)
Jewellery
 d - an amulet of regeneration
Scrolls
 a - a scroll of identify {unknown}
 b - a scroll of teleportation {unknown}
Potions
 e - a potion of ambrosia {unknown}
 f - 2 potions of curing
 g - a potion of lignification {unknown}

Dungeon Overview and Level Annotations

Branches:
Dungeon (3/15)

Altars:

Annotations:
D:2 1 runed translucent door, Crazy Yiuf


Message History

d - an amulet of regeneration You now have 57 gold pieces (gained 17).
You now have 69 gold pieces (gained 12).
Found 6 stones.
Found a stone staircase leading down.
A hound comes into view.
You shoot a sling bullet. The sling bullet hits the hound.
The hound barks!
The hound is lightly wounded.
The hound barely misses you.
You shoot a sling bullet.
The sling bullet closely misses the hound.
The hound closely misses you. The hound misses you.
The hound bites you but does no damage.
You shoot a sling bullet. The sling bullet hits the hound!
The hound is moderately wounded.
The hound misses you. The hound bites you but does no damage.
The hound bites you.
You shoot a sling bullet. The sling bullet misses the hound.
The hound barely misses you. The hound bites you but does no damage.
You shoot a sling bullet. The sling bullet hits the hound.
The hound is heavily wounded.
The hound bites you. The hound barely misses you. The hound bites you.
You shoot a sling bullet.
The sling bullet closely misses the hound.
The hound bites you but does no damage. The hound barely misses you.
The hound closely misses you.
You shoot a sling bullet. The sling bullet hits the hound.
The hound is severely wounded.
The hound barely misses you. The hound bites you but does no damage.
The hound bites you.
You shoot a sling bullet.
The sling bullet closely misses the hound.
The hound bites you. x2
You shoot a sling bullet.
The sling bullet closely misses the hound.
The hound bites you. The hound closely misses you. The hound bites you.
You shoot a sling bullet. The sling bullet misses the hound.
The hound bites you.
You die...

#.# #.# #.# #.#
#.# #.#
#######.##
..(......#
#........#######
########..>.....
#@####### #h#
... .###. .. .#
## #


You could see a hound.

Vanquished Creatures
  2 gnolls (D:1)
  A dart slug (D:1)
  2 ball pythons (D:1)
  2 endoplasms
  3 giant cockroaches
  A goblin (D:1)
  A hobgoblin (D:1)
  6 kobolds (D:1)
  A bat (D:1)
  A frilled lizard (D:1)
  5 rats (D:1)
25 creatures vanquished.

Notes
Turn   | Place    | Note
-------+----------+-------------------------------------------
     0 | D:1      | qw the Gargoyle Hexslinger began the quest for the Orb.
     0 | D:1      | Reached XP level 1. HP: 12/12 MP: 2/2
     0 | D:1      | 0 ||| qw: Version: 0.3-a-46-gb1f654a
     0 | D:1      | 0 ||| qw: Game counter: 1956
     0 | D:1      | 0 ||| qw: Melee chars always use a shield: true
     0 | D:1      | 0 ||| qw: God list: Okawaru
     0 | D:1      | 0 ||| qw: Allow faded altars: false
     0 | D:1      | 0 ||| qw: Do Orc after clearing Dungeon:15 true
     0 | D:1      | 0 ||| qw: Do second Lair branch before Depths: true
     0 | D:1      | 0 ||| qw: Lair rune preference: random
     0 | D:1      | 0 ||| qw: Goals: Normal
     0 | D:1      | 0 ||| PLANNING D:1-11
    92 | D:1      | Reached XP level 2. HP: 16/16 MP: 3/3
   111 | D:1      | Reached skill level 3 in Ranged Weapons
   115 | D:1      | 115 ||| FLEEEEING.
   116 | D:1      | 116 ||| FLEEEEING.
   117 | D:1      | 117 ||| FLEEEEING.
   118 | D:1      | 118 ||| FLEEEEING.
   119 | D:1      | 119 ||| FLEEEEING.
   120 | D:1      | 120 ||| FLEEEEING.
   121 | D:1      | 121 ||| FLEEEEING.
   123 | D:1      | 123 ||| FLEEEEING.
   124 | D:1      | 124 ||| FLEEEEING.
   127 | D:1      | 127 ||| FLEEEEING.
   128 | D:1      | 128 ||| FLEEEEING.
   129 | D:1      | 129 ||| FLEEEEING.
   130 | D:1      | 130 ||| FLEEEEING.
   131 | D:1      | 131 ||| FLEEEEING.
   147 | D:1      | Reached XP level 3. HP: 20/20 MP: 4/4
   238 | D:1      | 238 ||| FLEEEEING.
   434 | D:1      | 434 ||| UPGRADING to +0 pair of boots.
   439 | D:1      | 439 ||| READING scroll labelled YSOSIATEGEWO.
   440 | D:1      | 440 ||| READING scroll labelled CAOFUTZONE.
   441 | D:1      | 441 ||| DRINKING 2 murky ruby potions.
   442 | D:1      | 442 ||| DROPPING scroll of poison.
   443 | D:1      | 443 ||| DROPPING potion of brilliance.
   511 | D:2      | You fall into a shaft and drop 1 floor!
   512 | D:3      | 512 ||| DRINKING 3 gluggy clear potions.
   515 | D:3      | 515 ||| FLEEEEING.
   516 | D:3      | 516 ||| FLEEEEING.
   517 | D:3      | 517 ||| STAIRDANCE
   562 | D:2      | Found a runed translucent door.
   563 | D:2      | Noticed Crazy Yiuf
   732 | D:2      | HP: 3/21 [hound (5)]
   733 | D:2      | Slain by a hound

Levels and vault maps discovered:
D:1:      dpeg_arrival_houses_and_road, layout_rooms
D:2:      layout_loops_ring, minivault_4, grunt_ministairs_12,
          uniq_crazy_yiuf_cottage
D:3:      layout_rooms, nicolae_ru_sacrificial_ziggurat,
          gammafunk_temple_overflow_claw, chequers_serial_rivers_room_b

Skill      XL: |  1  2  3 |
---------------+----------+-----
Ranged Weapons | 3 |  3.5
Fighting       | 2 |  2.0
Dodging        | |  1.5
Spellcasting   | |  1.0
Hexes          | |  2.6

Action                     || total
---------------------------++-------
   Fire: Sling             ||    95
    Use: Scroll            ||     2
         Potion            ||     2
 Armour: Robe              ||    12
  Dodge: Dodged            ||    29

Table legend:
 A = Non-vault XP
 B = Vault XP
 C = Vault XP percentage of total XP
 D = Non-vault monster count
 E = Vault monster count
 F = Vault count percentage of total count
                 A         B        C        D         E       F
            +---------+---------+-------+---------+---------+-------
      Total |      67 |       0 |   0.0 |      25 |       0 |   0.0
            +---------+---------+-------+---------+---------+-------
        D:1 |      63 |       0 |   0.0 |      23 |       0 |   0.0
        D:2 |       4 |       0 |   0.0 |       2 |       0 |   0.0
            +---------+---------+-------+---------+---------+-------
